 Dungeon Crawl Stone Soup version 0.24-a0-446-g87df7205b4 (webtiles) character file.

Game seed: 13985575095092441117

0 Gargoyl the Skirmisher (level 1, -4/19 HPs)
             Began as a Centaur Abyssal Knight on June 24, 2019.
             Was a Follower of Lugonu.
             Slain by a thrashing horror (5 damage)
             ... on level 2 of the Abyss.
             The game lasted 00:01:15 (321 turns).

Gargoyl the Skirmisher (Centaur Abyssal Knight)      Turns: 321, Time: 00:01:15

Health: -4/19      AC:  4    Str: 14    XL:     1   Next: 0%
Magic:  2/2        EV:  9    Int: 11    God:    Lugonu [*.....]
Gold:   74         SH:  0    Dex:  8    Spells: 0/0 levels left

rFire    . . .     SeeInvis .   a - +1 hand axe
rCold    . . .     Gourm    .   (no shield)
rNeg     . . .     Faith    .   b - +0 leather armour
rPois    .         Spirit   .   (no helmet)
rElec    .         Reflect  .   (no cloak)
rCorr    .         Harm     .   (no gloves)
MR       .....                  (no barding)
Stlth    ..........             (no amulet)
HPRegen  0.06/turn              (no ring)
MPRegen  0.08/turn              (no ring)

@: about to teleport, very quick
A: large, hooves 3, deformed body, speed 2, tough skin 3
a: Depart the Abyss, Renounce Religion


You were on level 2 of the Abyss.
You worshipped Lugonu.
Lugonu was aware of your devotion.
You were not hungry.

You visited 0 branches of the dungeon, and saw 0 of its levels.
You visited the Abyss 1 time.

You collected 74 gold pieces.

Inventory:

Hand Weapons
 a - a +1 hand axe (weapon)
Armour
 b - a +0 leather armour (worn)
Comestibles
 c - 2 rations


   Skills:
 + Level 3.0 Fighting
 + Level 1.7 Axes
 + Level 1.3 Armour
 + Level 0.6 Dodging
 + Level 2.0 Invocations


You couldn't memorise any spells.
You didn't know any spells.
Your spell library was empty.

Dungeon Overview and Level Annotations

Branches:
Dungeon (0/15)

Altars:


Innate Abilities, Weirdness & Mutations

You have hooves in place of feet.
Armour fits poorly on your strangely shaped body.
You cover ground very quickly.
You have extremely tough skin. (AC +3)


Message History

The spatial maelstrom is lightly damaged.
The spatial maelstrom hits you but does no damage.
The spatial maelstrom hits you.
You are suddenly pulled into a different region of the Abyss!
As you read the scroll labeled UCRELA UVOKAIWY, it crumbles to dust.
It is a scroll of identify.
You don't have any unidentified items.
You feel a little less clever now.
A thrashing horror comes into view.
As you read the scroll of teleportation, it crumbles to dust.
You feel strangely unstable.
You feel the power of the Abyss delaying your translocation!
The thrashing horror roars!
The thrashing horror tramples you!
Ouch! That really hurt!
* * * LOW HITPOINT WARNING * * *
You hold your ground!
The thrashing horror closely misses you.
The thrashing horror tramples you.
You die...

#..##. ..## #
##.#.#.#.#.#.#
..#.....#.#...
#..#......#
#...##..# #
#....#### . .
#...##
....###X..#
#...@### .
##..#..# #.
#..#...## #
......#..... #
. # #.#.
...#.###..##
#. #...
.#..#........
#.. #..##.##
.....#.## # .
# # ##. ..
#.#..### # ..
.# .#. ##
...#..#


You could see a thrashing horror.

Vanquished Creatures (others)
  2 starspawn tentacles (Abyss:1)
2 creatures vanquished.

Notes
Turn   | Place    | Note
-------+----------+-------------------------------------------
     0 | Abyss:1  | Gargoyl the Centaur Abyssal Knight began the quest for the
                  | Orb.
     0 | Abyss:1  | Reached XP level 1. HP: 19/19 MP: 2/2
    11 | Abyss:1  | Noticed a neqoxec
    28 | Abyss:1  | Found a corrupted altar of Lugonu.
   174 | Abyss:1  | Noticed a quasit
   191 | Abyss:1  | Noticed an orb spider
   192 | Abyss:1  | Noticed a tentacled starspawn
   206 | Abyss:1  | Noticed a guardian serpent
   208 | Abyss:1  | Noticed a naga warrior
   208 | Abyss:1  | Noticed a naga warrior
   261 | Abyss:2  | Noticed a spatial maelstrom
   268 | Abyss:2  | Noticed a spatial vortex
   269 | Abyss:2  | Noticed a spatial vortex
   270 | Abyss:2  | Noticed a spatial vortex
   270 | Abyss:2  | Noticed a spatial vortex
   271 | Abyss:2  | Noticed a spatial vortex
   272 | Abyss:2  | Noticed a spatial vortex
   273 | Abyss:2  | Noticed a spatial vortex
   276 | Abyss:2  | Noticed a spatial vortex
   277 | Abyss:2  | Noticed a spatial vortex
   277 | Abyss:2  | Noticed a spatial vortex
   315 | Abyss:2  | Noticed a thrashing horror
   321 | Abyss:2  | Slain by a thrashing horror

Levels and vault maps discovered:
Abyss:2:  hangedman_decor_riveting

Action                   || total
-------------------------++-------
Melee: Hand axe          ||     1
       Kick              ||     1
  Use: Scroll            ||     4
       Potion            ||     2
Armor: Leather armour    ||     1
Dodge: Dodged            ||     1

Table legend:
 A = Non-vault XP
 B = Vault XP
 C = Vault XP percentage of total XP
 D = Non-vault monster count
 E = Vault monster count
 F = Vault count percentage of total count
                 A         B        C        D         E       F
            +---------+---------+-------+---------+---------+-------
      Total |       0 |       0 |   N/A |       0 |       0 |  -nan
            +---------+---------+-------+---------+---------+-------
            +---------+---------+-------+---------+---------+-------
